Lightning vs Panthers
Created - April 17, 2019 at 20:06
Goals
|
| Lightning |
1 |
2 |
0 |
3 |
| Panthers |
2 |
1 |
2 |
5 |
|
Shots
|
| Lightning |
11 |
11 |
6 |
28 |
| Panthers |
6 |
13 |
12 |
31 |
|
1st period
1. Panthers , Steve Quailer 8 (Erik Christensen 25) at 9:44
2. Lightning , Robert Nilsson 36 (Kris Versteeg 39) at 16:05
3. Panthers , Jean-Gabriel Pageau 17 (Drew Stafford 25) at 18:49
Penalties :
No Penalty
2nd period
4. Lightning , Steve Bernier 21 (Jordan Nolan 29, Daniel Carcillo 23) at 11:10
5. Panthers , Kyle Clifford 34 (Jean-Gabriel Pageau 27) at 16:36 (PP)
6. Lightning , Jeff Schultz 8 (Steve Bernier 24, Jaroslav Halak) at 19:33 (PP)
Penalties :
Kris Versteeg (TB.) for Roughing (Minor) at 1:48, Henrik Zetterberg (TB.) for Roughing (Minor) at 16:29, Daniel Sedin (Flo) for Interference (Minor) at 18:59
3rd period
7. Panthers , Kyle Clifford 35 (Erik Christensen 26, Drew Stafford 26) at 10:12 (SH)
8. Panthers , Jean-Gabriel Pageau 18 (Drew Stafford 27) at 11:51
Penalties :
Steve Quailer (Flo) for Hooking (Minor) at 0:34, Matt Irwin (Flo) for Hooking (Minor) at 8:51, Jonathan Matsumoto (Flo) for Boarding (Minor) at 14:06
Goalie Stats
Jaroslav Halak (TB.), 26 saves from 31 shots - (0.839), L, 34-21-5, 60:00 minutes
Petr Mrazek (Flo), 25 saves from 28 shots - (0.893), W, 9-11-3, 60:00 minutes
Players Stats for Lightning
Player Name G A P +/- PIM S H SB GA TA FO MP PP MP PK MP
------------------------------------------------------------------------------------
Andy Rogers 0 0 0 0 0 2 2 1 1 1 0/0 28:05 4:20 1:22
Daniel Carcillo 0 1 1 -1 0 1 2 0 3 0 0/0 18:26 2:43 0:20
Danny Richmond 0 0 0 -2 0 0 1 2 1 2 0/0 20:06 2:11 0:44
Gabriel Landeskog 0 0 0 -1 0 2 1 0 0 1 0/0 12:29 0:05 1:06
Henrik Zetterberg 0 0 0 0 2 4 3 1 1 1 2/4 20:49 3:45 0:00
Jan Bulis 0 0 0 -1 0 0 0 0 0 0 2/4 10:27 0:00 0:00
Jeff Schultz 1 0 1 0 0 3 0 0 0 1 0/0 28:05 4:20 1:22
Jordan Nolan 0 1 1 -1 0 2 3 0 1 1 6/14 18:39 2:43 0:24
Justin Schultz 0 0 0 -2 0 0 2 0 0 0 0/0 20:06 2:11 0:44
Kris Versteeg 0 1 1 0 2 4 3 1 0 0 1/2 22:14 3:46 0:07
Kurt Sauer 0 0 0 0 0 0 0 1 1 0 0/0 11:49 0:00 0:00
Matt Tennyson 0 0 0 0 0 0 3 0 0 1 0/0 11:49 0:00 0:00
Mikael Backlund 0 0 0 0 0 4 0 0 0 0 3/3 7:30 0:00 0:00
Pierre-Luc Létourneau 0 0 0 0 0 0 2 0 0 0 1/1 9:28 0:00 0:59
Reilly Smith 0 0 0 0 0 0 0 0 0 1 0/0 7:34 0:00 0:00
Robert Nilsson 1 0 1 0 0 4 2 0 1 0 19/36 22:16 3:46 1:16
Sheldon Keefe 0 0 0 -1 0 1 0 0 0 0 0/0 11:15 0:02 0:00
Steve Bernier 1 1 2 -1 0 1 0 0 0 1 1/2 16:45 2:43 0:00
Players Stats for Panthers
Player Name G A P +/- PIM S H SB GA TA FO MP PP MP PK MP
------------------------------------------------------------------------------------
Alex Galchenyuk 0 0 0 0 0 3 1 0 1 0 0/0 14:15 1:01 0:54
Cédric Lalonde-McNicoll 0 0 0 0 0 1 0 0 0 0 1/5 8:58 0:00 0:00
Daniel Sedin 0 0 0 0 2 0 1 0 1 0 0/1 13:14 0:00 0:00
Drew Stafford 0 3 3 1 0 4 3 1 0 0 1/2 22:19 1:05 4:08
Erik Christensen 0 2 2 0 0 5 1 0 1 0 11/15 18:41 1:01 4:09
Erik Gudbranson 0 0 0 -1 0 2 3 2 0 1 0/0 28:22 1:02 3:37
Guillaume Desbiens 0 0 0 0 0 1 0 0 0 1 0/0 8:58 0:00 0:00
Jean-Gabriel Pageau 2 1 3 2 0 3 2 0 2 1 12/33 20:21 1:05 2:07
Jonathan Matsumoto 0 0 0 0 2 2 0 0 1 0 2/5 11:26 0:00 0:00
Jonathan Sigalet 0 0 0 0 0 1 3 4 0 3 0/0 26:30 1:02 2:54
Kyle Clifford 2 0 2 2 0 4 1 1 2 0 1/1 19:50 1:05 1:20
Matt Irwin 0 0 0 0 2 0 0 3 0 0 0/0 16:50 1:04 0:00
Mike Weber 0 0 0 3 0 0 0 0 0 0 0/0 14:50 0:00 2:54
Patrick Eaves 0 0 0 0 0 0 1 1 1 1 1/1 11:13 0:00 0:00
Peter Worrell 0 0 0 0 0 1 3 0 0 0 0/0 8:58 0:00 0:00
Radko Gudas 0 0 0 0 0 1 1 3 1 1 0/0 21:35 1:04 3:37
Steve Quailer 1 0 1 0 2 2 2 0 0 1 2/3 15:10 1:01 0:24
William Colbert 0 0 0 2 0 1 0 0 0 0 0/0 11:55 0:00 0:00
3 Stars
1 - Jean-Gabriel Pageau (Flo)
2 - Kyle Clifford (Flo)
3 - Drew Stafford (Flo)
Power Play
Lightning - 1 on 4 Attempt(s) - 25.00%
Panthers - 1 on 2 Attempt(s) - 50.00%
Penalty Kill
Lightning - 1 on 2 Attempt(s) - 50.00%
- Score 0 goal in Penalty Kill
Panthers - 3 on 4 Attempt(s) - 75.00%
- Score 1 goal in Penalty Kill
Team Stat
Lightning - Hits : 24 - Faceoff Wins : 35 - Blocked Shots : 6 - Penalty Minutes : 4
Panthers - Hits : 22 - Faceoff Wins : 31 - Blocked Shots : 15 - Penalty Minutes : 8
Official
Referees : Unknown
Linesman : Unknown
Game Notes
No Game Note
Finance
Level 1 -- Attendance: 5518 (91.97%) -- Ticket Income $485,584
Level 2 -- Attendance: 4412 (88.24%) -- Ticket Income $242,660
Level 3 -- Attendance: 1281 (64.05%) -- Ticket Income $64,050
Level 4 -- Attendance: 2479 (61.98%) -- Ticket Income $79,328
Luxury Box -- Attendance: 894 (89.40%) -- Ticket Income $129,630
Game was played at the Bank Atlantic Cente.
Total Attendance: 14584 (81.02%)
Total Ticket Income: $1,001,252
Other Income: $150,188
Total Income: $1,151,440
Lightning
5 vs 5 Forward
Center Left Wing Right Wing Time % Phy DF OF
1 Robert Nilsson Henrik Zetterberg Kris Versteeg 40 1 2 2
2 Jordan Nolan Daniel Carcillo Steve Bernier 30 1 2 2
3 Jan Bulis Gabriel Landeskog Sheldon Keefe 20 1 2 2
4 Mikael Backlund Pierre-Luc Létourneau Reilly Smith 10 1 2 2
5 vs 5 Defense
Defense Defense Time % Phy DF OF
1 Jeff Schultz Andy Rogers 40 1 2 2
2 Justin Schultz Danny Richmond 30 1 2 2
3 Kurt Sauer Matt Tennyson 20 1 2 2
4 Jeff Schultz Andy Rogers 10 1 2 2
PowerPlay Forward
Center Left Wing Right Wing Time % Phy DF OF
1 Robert Nilsson Henrik Zetterberg Kris Versteeg 60 1 2 2
2 Jordan Nolan Daniel Carcillo Steve Bernier 40 1 2 2
PowerPlay Defense
Defense Defense Time % Phy DF OF
1 Jeff Schultz Andy Rogers 60 1 2 2
2 Justin Schultz Danny Richmond 40 1 2 2
Penalty Kill 4 Players Forward
Center Wing Time % Phy DF OF
1 Robert Nilsson Kris Versteeg 60 1 2 2
2 Henrik Zetterberg Jordan Nolan 40 1 2 2
Penalty Kill 4 Players Defense
Defense Defense Time % Phy DF OF
1 Jeff Schultz Andy Rogers 60 1 2 2
2 Justin Schultz Danny Richmond 40 1 2 2
Penalty Kill - 3 Players Forward
Forward Time % Phy DF OF
1 Robert Nilsson 60 1 2 2
2 Kris Versteeg 40 1 2 2
Penalty Kill - 3 Players Defense
Defense Defense Time % Phy DF OF
1 Jeff Schultz Andy Rogers 60 1 2 2
2 Justin Schultz Danny Richmond 40 1 2 2
4 vs 4 Forward
Center Wing Time % Phy DF OF
1 Robert Nilsson Kris Versteeg 60 1 2 2
2 Henrik Zetterberg Jordan Nolan 40 1 2 2
4 vs 4 Defense
Defense Defense Time % Phy DF OF
1 Jeff Schultz Andy Rogers 60 1 2 2
2 Justin Schultz Danny Richmond 40 1 2 2
Last Minutes Offensive
Center Left Wing Right Wing Defense Defense
Robert Nilsson Henrik Zetterberg Kris Versteeg Jeff Schultz Andy Rogers
Last Minutes Defensive
Center Left Wing Right Wing Defense Defense
Robert Nilsson Henrik Zetterberg Kris Versteeg Jeff Schultz Andy Rogers
Goaltenders
Starting : Jaroslav Halak
Backup : Adam Munro
Extra Forwards
Normal : Gabriel Landeskog, Sheldon Keefe, Pierre-Luc Létourneau - PP : Gabriel Landeskog, Sheldon Keefe - PK : Pierre-Luc Létourneau
Extra Defensemen
Normal : Kurt Sauer, Matt Tennyson, Justin Schultz - PP : Kurt Sauer - PK : Matt Tennyson, Justin Schultz
Penalty Shots
Robert Nilsson, Kris Versteeg, Henrik Zetterberg, Jordan Nolan, Daniel Carcillo
Scratches
John Carlson (Healthy)
Panthers
5 vs 5 Forward
Center Left Wing Right Wing Time % Phy DF OF
1 Jean-Gabriel Pageau Kyle Clifford Drew Stafford 40 1 2 2
2 Erik Christensen Daniel Sedin Steve Quailer 30 1 2 2
3 Jonathan Matsumoto Alex Galchenyuk Patrick Eaves 20 1 2 2
4 Cédric Lalonde-McNicoll Peter Worrell Guillaume Desbiens 10 1 2 2
5 vs 5 Defense
Defense Defense Time % Phy DF OF
1 Erik Gudbranson Jonathan Sigalet 40 1 2 2
2 Radko Gudas Matt Irwin 30 1 2 2
3 Mike Weber William Colbert 20 1 2 2
4 Erik Gudbranson Jonathan Sigalet 10 1 2 2
PowerPlay Forward
Center Left Wing Right Wing Time % Phy DF OF
1 Jean-Gabriel Pageau Kyle Clifford Drew Stafford 60 1 2 2
2 Erik Christensen Alex Galchenyuk Steve Quailer 40 1 2 2
PowerPlay Defense
Defense Defense Time % Phy DF OF
1 Erik Gudbranson Jonathan Sigalet 60 1 2 2
2 Radko Gudas Matt Irwin 40 1 2 2
Penalty Kill 4 Players Forward
Center Wing Time % Phy DF OF
1 Erik Christensen Drew Stafford 60 1 2 2
2 Jean-Gabriel Pageau Kyle Clifford 40 1 2 2
Penalty Kill 4 Players Defense
Defense Defense Time % Phy DF OF
1 Erik Gudbranson Radko Gudas 60 1 2 2
2 Jonathan Sigalet Mike Weber 40 1 2 2
Penalty Kill - 3 Players Forward
Forward Time % Phy DF OF
1 Erik Christensen 60 1 2 2
2 Drew Stafford 40 1 2 2
Penalty Kill - 3 Players Defense
Defense Defense Time % Phy DF OF
1 Erik Gudbranson Radko Gudas 60 1 2 2
2 Jonathan Sigalet Mike Weber 40 1 2 2
4 vs 4 Forward
Center Wing Time % Phy DF OF
1 Jean-Gabriel Pageau Kyle Clifford 60 1 2 2
2 Erik Christensen Alex Galchenyuk 40 1 2 2
4 vs 4 Defense
Defense Defense Time % Phy DF OF
1 Erik Gudbranson Jonathan Sigalet 60 1 2 2
2 Radko Gudas Matt Irwin 40 1 2 2
Last Minutes Offensive
Center Left Wing Right Wing Defense Defense
Jean-Gabriel Pageau Kyle Clifford Drew Stafford Erik Gudbranson Jonathan Sigalet
Last Minutes Defensive
Center Left Wing Right Wing Defense Defense
Jean-Gabriel Pageau Kyle Clifford Drew Stafford Erik Gudbranson Jonathan Sigalet
Goaltenders
Starting : Petr Mrazek
Backup : Antti Niemi
Extra Forwards
Normal : Alex Galchenyuk, Jean-Gabriel Pageau, Kyle Clifford - PP : Drew Stafford, Kyle Clifford - PK : Steve Quailer
Extra Defensemen
Normal : Radko Gudas, Erik Gudbranson, Jonathan Sigalet - PP : Mike Weber - PK : Jonathan Sigalet, Erik Gudbranson
Penalty Shots
Alex Galchenyuk, Daniel Sedin, Drew Stafford, Jean-Gabriel Pageau, Kyle Clifford
Scratches
Matt Duchene (Suspend), Nigel Dawes (Healthy), Tomas Kopecky (Lacerated Right Calf Injury)
% Time on Ice - Lightning
Lines # - Real PCT - Wanted PCT - Time Play
Normal Forward
1 - 37% - 40% - 19:04
2 - 28% - 30% - 14:22
3 - 20% - 20% - 10:27
4 - 15% - 10% - 7:30
Normal Defense
1 - 38% - 40% - 19:36
2 - 33% - 30% - 17:11
3 - 23% - 20% - 11:49
4 - 5% - 10% - 2:47
PP Forward
1 - 58% - 60% - 3:48
2 - 42% - 40% - 2:43
PP Defense
1 - 66% - 60% - 4:20
2 - 34% - 40% - 2:11
PK Forward
1 - 100% - 60% - 2:06
2 - 0% - 40% - 0:00
PK Defense
1 - 65% - 60% - 1:22
2 - 35% - 40% - 0:44
PK3 Forward
1 - 0% - 60%
2 - 0% - 40%
PK3 Defense
1 - 0% - 60%
2 - 0% - 40%
44 Forward
1 - 0% - 60%
2 - 0% - 40%
44 Defense
1 - 0% - 60%
2 - 0% - 40%
Last Minute Offensive - 0:00
Last Minute Defensive - 0:00
Total
Forward - 60:00
Defense - 60:00
|
% Time on Ice - Panthers
Lines # - Real PCT - Wanted PCT - Time Play
Normal Forward
1 - 34% - 40% - 17:20
2 - 27% - 30% - 13:52
3 - 22% - 20% - 11:13
4 - 17% - 10% - 8:58
Normal Defense
1 - 40% - 40% - 20:39
2 - 31% - 30% - 15:45
3 - 23% - 20% - 11:55
4 - 6% - 10% - 3:04
PP Forward
1 - 52% - 60% - 1:05
2 - 48% - 40% - 1:01
PP Defense
1 - 49% - 60% - 1:02
2 - 51% - 40% - 1:04
PK Forward
1 - 80% - 60% - 5:11
2 - 20% - 40% - 1:20
PK Defense
1 - 55% - 60% - 3:37
2 - 45% - 40% - 2:54
PK3 Forward
1 - 0% - 60%
2 - 0% - 40%
PK3 Defense
1 - 0% - 60%
2 - 0% - 40%
44 Forward
1 - 0% - 60%
2 - 0% - 40%
44 Defense
1 - 0% - 60%
2 - 0% - 40%
Last Minute Offensive - 0:00
Last Minute Defensive - 0:00
Total
Forward - 60:00
Defense - 60:00
|
Play-by-Play
1st period
0:01 of 1st period - Robert Nilsson wins face-off versus Jean-Gabriel Pageau in neutral zone.
1:17 of 1st period - Icing by Guillaume Desbiens.
1:18 of 1st period - Robert Nilsson wins face-off versus Cédric Lalonde-McNicoll in Panthers zone.
1:21 of 1st period - Wrist shot by Robert Nilsson.
1:21 of 1st period - Deflect By Radko Gudas.
1:21 of 1st period - Shot Blocked by Matt Irwin.
1:21 of 1st period - Puck is out of play.
1:22 of 1st period - Drew Stafford wins face-off versus Henrik Zetterberg in Panthers zone.
1:27 of 1st period - Robert Nilsson is hit by Jean-Gabriel Pageau.
1:57 of 1st period - Jordan Nolan is hit by Erik Christensen and loses puck.
2:19 of 1st period - Off-side.
2:20 of 1st period - Robert Nilsson wins face-off versus Jean-Gabriel Pageau in neutral zone.
2:23 of 1st period - Snap shot by Henrik Zetterberg.
2:23 of 1st period - Shot Misses the Net.
2:25 of 1st period - Slapshot by Andy Rogers.
2:25 of 1st period - Stopped by Petr Mrazek with a rebound.
2:27 of 1st period - Snap shot by Robert Nilsson.
2:27 of 1st period - Deflect By Henrik Zetterberg.
2:27 of 1st period - Shot Blocked by Jonathan Sigalet.
2:27 of 1st period - Puck is out of play.
2:28 of 1st period - Robert Nilsson wins face-off versus Jean-Gabriel Pageau in Panthers zone.
2:37 of 1st period - Slapshot by Robert Nilsson.
2:37 of 1st period - Stopped by Petr Mrazek without a rebound.
2:38 of 1st period - Jordan Nolan wins face-off versus Jean-Gabriel Pageau in Panthers zone.
3:04 of 1st period - Henrik Zetterberg is hit by Erik Gudbranson and loses puck.
3:25 of 1st period - Wrist shot by Jan Bulis.
3:25 of 1st period - Shot Misses the Net.
3:27 of 1st period - Slapshot by Jeff Schultz.
3:27 of 1st period - Stopped by Petr Mrazek without a rebound.
3:28 of 1st period - Jan Bulis wins face-off versus Erik Christensen in Panthers zone.
3:31 of 1st period - Wrist shot by Gabriel Landeskog.
3:31 of 1st period - Shot Misses the Net.
3:33 of 1st period - Backhand shot by Gabriel Landeskog.
3:33 of 1st period - Stopped by Petr Mrazek with a rebound.
4:12 of 1st period - Wrist shot by Steve Bernier.
4:12 of 1st period - Shot Misses the Net.
4:56 of 1st period - Daniel Sedin is hit by Matt Tennyson and loses puck.
5:08 of 1st period - Icing by Matt Irwin.
5:09 of 1st period - Erik Christensen wins face-off versus Robert Nilsson in Panthers zone.
5:15 of 1st period - Off-side.
5:16 of 1st period - Jean-Gabriel Pageau wins face-off versus Robert Nilsson in neutral zone.
5:26 of 1st period - Snap shot by Kyle Clifford.
5:26 of 1st period - Shot Blocked by Henrik Zetterberg.
5:28 of 1st period - Slapshot by Jonathan Sigalet.
5:28 of 1st period - Shot Misses the Net.
5:30 of 1st period - Wrist shot by Kyle Clifford.
5:30 of 1st period - Shot Misses the Net.
5:32 of 1st period - Snap shot by Drew Stafford.
5:32 of 1st period - Deflect By Jean-Gabriel Pageau.
5:32 of 1st period - Stopped by Jaroslav Halak without a rebound.
5:33 of 1st period - Erik Christensen wins face-off versus Steve Bernier in Lightning zone.
5:34 of 1st period - Wrist shot by Daniel Sedin.
5:34 of 1st period - Shot Misses the Net.
6:11 of 1st period - Henrik Zetterberg is hit by Jean-Gabriel Pageau and loses puck.
6:22 of 1st period - Jonathan Matsumoto is hit by Matt Tennyson and loses puck.
6:33 of 1st period - Snap shot by Mikael Backlund.
6:33 of 1st period - Stopped by Petr Mrazek with a rebound.
6:43 of 1st period - Gabriel Landeskog is hit by Peter Worrell and loses puck.
7:12 of 1st period - Slapshot by Daniel Carcillo.
7:12 of 1st period - Shot Misses the Net.
7:28 of 1st period - Kyle Clifford is hit by Kris Versteeg and loses puck.
7:51 of 1st period - Snap shot by Jonathan Matsumoto.
7:51 of 1st period - Shot Blocked by Kurt Sauer.
8:07 of 1st period - Henrik Zetterberg is hit by Peter Worrell and loses puck.
8:45 of 1st period - Jeff Schultz is hit by Drew Stafford and loses puck.
9:02 of 1st period - Matt Irwin is hit by Pierre-Luc Létourneau and loses puck.
9:38 of 1st period - Icing by Jeff Schultz.
9:39 of 1st period - Erik Christensen wins face-off versus Jan Bulis in Lightning zone.
9:44 of 1st period - Wrist shot by Steve Quailer.
9:44 of 1st period - Goal by Steve Quailer - Lightning : 0 - Panthers : 1.
9:45 of 1st period - Robert Nilsson wins face-off versus Jean-Gabriel Pageau in neutral zone.
10:16 of 1st period - Snap shot by Daniel Carcillo.
10:16 of 1st period - Shot Misses the Net.
10:52 of 1st period - Kyle Clifford is hit by Andy Rogers and loses puck.
11:35 of 1st period - Steve Quailer is hit by Jordan Nolan.
12:01 of 1st period - Backhand shot by Sheldon Keefe.
12:01 of 1st period - Shot Blocked by Radko Gudas.
12:19 of 1st period - Guillaume Desbiens is hit by Danny Richmond.
12:33 of 1st period - Alex Galchenyuk is hit by Kris Versteeg and loses puck.
13:00 of 1st period - Erik Christensen is hit by Jordan Nolan and loses puck.
13:50 of 1st period - Snap shot by Mikael Backlund.
13:50 of 1st period - Stopped by Petr Mrazek with a rebound.
13:52 of 1st period - Slapshot by Mikael Backlund.
13:52 of 1st period - Shot Misses the Net.
14:33 of 1st period - Slapshot by Erik Christensen.
14:33 of 1st period - Shot Blocked by Danny Richmond.
14:35 of 1st period - Wrist shot by Erik Christensen.
14:35 of 1st period - Shot Hit the Post.
14:47 of 1st period - Wrist shot by Drew Stafford.
14:47 of 1st period - Shot Misses the Net.
14:55 of 1st period - Snap shot by Jean-Gabriel Pageau.
14:55 of 1st period - Shot Misses the Net.
15:47 of 1st period - Slapshot by Robert Nilsson.
15:47 of 1st period - Stopped by Petr Mrazek with a rebound.
15:49 of 1st period - Slapshot by Kurt Sauer.
15:49 of 1st period - Deflect By Kris Versteeg.
15:49 of 1st period - Stopped by Petr Mrazek without a rebound.
15:50 of 1st period - Steve Quailer wins face-off versus Robert Nilsson in Panthers zone.
16:01 of 1st period - Snap shot by Henrik Zetterberg.
16:01 of 1st period - Stopped by Petr Mrazek without a rebound.
16:02 of 1st period - Robert Nilsson wins face-off versus Jean-Gabriel Pageau in Panthers zone.
16:05 of 1st period - Snap shot by Robert Nilsson.
16:05 of 1st period - Goal by Robert Nilsson - Lightning : 1 - Panthers : 1.
16:06 of 1st period - Robert Nilsson wins face-off versus Jean-Gabriel Pageau in neutral zone.
16:37 of 1st period - Wrist shot by Daniel Carcillo.
16:37 of 1st period - Shot Blocked by Jonathan Sigalet.
16:41 of 1st period - Wrist shot by Jordan Nolan.
16:41 of 1st period - Shot Blocked by Jonathan Sigalet.
16:43 of 1st period - Wrist shot by Daniel Carcillo.
16:43 of 1st period - Shot Blocked by Erik Gudbranson.
18:03 of 1st period - Wrist shot by Daniel Carcillo.
18:03 of 1st period - Shot Misses the Net.
18:41 of 1st period - Wrist shot by Guillaume Desbiens.
18:41 of 1st period - Shot Misses the Net.
18:43 of 1st period - Snap shot by Peter Worrell.
18:43 of 1st period - Stopped by Jaroslav Halak without a rebound.
18:44 of 1st period - Jean-Gabriel Pageau wins face-off versus Robert Nilsson in Lightning zone.
18:49 of 1st period - Wrist shot by Jean-Gabriel Pageau.
18:49 of 1st period - Goal by Jean-Gabriel Pageau - Lightning : 1 - Panthers : 2.
18:50 of 1st period - Kris Versteeg wins face-off versus Jean-Gabriel Pageau in neutral zone.
19:13 of 1st period - Icing by Kyle Clifford.
19:14 of 1st period - Kyle Clifford wins face-off versus Jordan Nolan in Panthers zone.
19:21 of 1st period - Snap shot by Erik Christensen.
19:21 of 1st period - Shot Misses the Net.
19:23 of 1st period - Slapshot by Erik Gudbranson.
19:23 of 1st period - Stopped by Jaroslav Halak without a rebound.
19:24 of 1st period - Henrik Zetterberg wins face-off versus Steve Quailer in Lightning zone.
19:33 of 1st period - Wrist shot by Kris Versteeg.
19:33 of 1st period - Stopped by Petr Mrazek with a rebound.
19:47 of 1st period - Slapshot by Jonathan Sigalet.
19:47 of 1st period - Stopped by Jaroslav Halak without a rebound.
19:48 of 1st period - Jordan Nolan wins face-off versus Jean-Gabriel Pageau in Lightning zone.
Goals for this period are 1 for Lightning vs 2 for Panthers.
Shots for this period are 11 for Lightning vs 6 for Panthers.
2nd period
0:01 of 2nd period - Robert Nilsson wins face-off versus Jean-Gabriel Pageau in neutral zone.
0:27 of 2nd period - Steve Bernier is hit by Steve Quailer and loses puck.
0:46 of 2nd period - Snap shot by Mikael Backlund.
0:46 of 2nd period - Deflect By Reilly Smith.
0:46 of 2nd period - Shot Misses the Net.
0:46 of 2nd period - Puck is out of play.
0:47 of 2nd period - Mikael Backlund wins face-off versus Jean-Gabriel Pageau in Panthers zone.
0:48 of 2nd period - Snap shot by Reilly Smith.
0:48 of 2nd period - Shot Misses the Net.
1:09 of 2nd period - Icing by Erik Gudbranson.
1:10 of 2nd period - Robert Nilsson wins face-off versus Jonathan Matsumoto in Panthers zone.
1:19 of 2nd period - Snap shot by Robert Nilsson.
1:19 of 2nd period - Deflect By Kris Versteeg.
1:19 of 2nd period - Shot Misses the Net.
1:19 of 2nd period - Puck is out of play.
1:20 of 2nd period - Robert Nilsson wins face-off versus Jean-Gabriel Pageau in Panthers zone.
1:29 of 2nd period - Wrist shot by Henrik Zetterberg.
1:29 of 2nd period - Stopped by Petr Mrazek with a rebound.
1:31 of 2nd period - Snap shot by Andy Rogers.
1:31 of 2nd period - Deflect By Robert Nilsson.
1:31 of 2nd period - Shot Misses the Net.
1:31 of 2nd period - Puck is out of play.
1:32 of 2nd period - Jean-Gabriel Pageau wins face-off versus Robert Nilsson in Panthers zone.
1:48 of 2nd period - Minor Penalty to Kris Versteeg for Roughing.
1:49 of 2nd period - Robert Nilsson wins face-off versus Jean-Gabriel Pageau in Lightning zone.
1:49 of 2nd period - Robert Nilsson is hit by Jonathan Sigalet.
1:58 of 2nd period - Jeff Schultz is hit by Erik Gudbranson and loses puck.
2:03 of 2nd period - Wrist shot by Kyle Clifford.
2:03 of 2nd period - Stopped by Jaroslav Halak with a rebound.
2:05 of 2nd period - Slapshot by Erik Gudbranson.
2:05 of 2nd period - Stopped by Jaroslav Halak with a rebound.
3:11 of 2nd period - Icing by Jean-Gabriel Pageau.
3:12 of 2nd period - Pierre-Luc Létourneau wins face-off versus Jean-Gabriel Pageau in Panthers zone.
3:48 of 2nd period - Penalty to Kris Versteeg is over, Kris Versteeg is back on ice.
3:52 of 2nd period - Kris Versteeg is hit by Alex Galchenyuk and loses puck.
4:07 of 2nd period - Slapshot by Erik Christensen.
4:07 of 2nd period - Shot Misses the Net.
4:51 of 2nd period - Wrist shot by Erik Christensen.
4:51 of 2nd period - Shot Misses the Net.
4:53 of 2nd period - Wrist shot by Steve Quailer.
4:53 of 2nd period - Shot Misses the Net.
5:05 of 2nd period - Slapshot by Alex Galchenyuk.
5:05 of 2nd period - Stopped by Jaroslav Halak with a rebound.
5:07 of 2nd period - Slapshot by Alex Galchenyuk.
5:07 of 2nd period - Stopped by Jaroslav Halak with a rebound.
5:09 of 2nd period - Slapshot by Radko Gudas.
5:09 of 2nd period - Stopped by Jaroslav Halak with a rebound.
5:11 of 2nd period - Snap shot by Radko Gudas.
5:11 of 2nd period - Deflect By Alex Galchenyuk.
5:11 of 2nd period - Shot Misses the Net.
5:11 of 2nd period - Puck is out of play.
5:12 of 2nd period - Jan Bulis wins face-off versus Jean-Gabriel Pageau in Lightning zone.
5:47 of 2nd period - Wrist shot by Mikael Backlund.
5:47 of 2nd period - Stopped by Petr Mrazek with a rebound.
6:40 of 2nd period - Icing by Mikael Backlund.
6:41 of 2nd period - Mikael Backlund wins face-off versus Jonathan Matsumoto in Lightning zone.
7:45 of 2nd period - Danny Richmond is hit by Jonathan Sigalet and loses puck.
8:19 of 2nd period - Off-side.
8:20 of 2nd period - Cédric Lalonde-McNicoll wins face-off versus Jan Bulis in neutral zone.
8:23 of 2nd period - Jan Bulis is hit by Radko Gudas and loses puck.
8:46 of 2nd period - Wrist shot by Jordan Nolan.
8:46 of 2nd period - Shot Misses the Net.
8:49 of 2nd period - Icing by Matt Irwin.
8:50 of 2nd period - Steve Quailer wins face-off versus Jordan Nolan in Panthers zone.
9:01 of 2nd period - Snap shot by Erik Christensen.
9:01 of 2nd period - Stopped by Jaroslav Halak with a rebound.
9:03 of 2nd period - Wrist shot by Steve Quailer.
9:03 of 2nd period - Stopped by Jaroslav Halak without a rebound.
9:04 of 2nd period - Robert Nilsson wins face-off versus Jean-Gabriel Pageau in Lightning zone.
9:09 of 2nd period - Kyle Clifford is hit by Robert Nilsson and loses puck.
9:39 of 2nd period - Wrist shot by Erik Christensen.
9:39 of 2nd period - Stopped by Jaroslav Halak without a rebound.
9:40 of 2nd period - Jonathan Matsumoto wins face-off versus Robert Nilsson in Lightning zone.
9:43 of 2nd period - Wrist shot by Jonathan Matsumoto.
9:43 of 2nd period - Shot Blocked by Danny Richmond.
9:49 of 2nd period - Wrist shot by Henrik Zetterberg.
9:49 of 2nd period - Stopped by Petr Mrazek with a rebound.
9:51 of 2nd period - Snap shot by Kris Versteeg.
9:51 of 2nd period - Stopped by Petr Mrazek without a rebound.
9:52 of 2nd period - Jordan Nolan wins face-off versus Jean-Gabriel Pageau in Panthers zone.
10:00 of 2nd period - Off-side.
10:01 of 2nd period - Jean-Gabriel Pageau wins face-off versus Jordan Nolan in neutral zone.
11:08 of 2nd period - Backhand shot by Jordan Nolan.
11:08 of 2nd period - Shot Blocked by Kyle Clifford.
11:10 of 2nd period - Wrist shot by Steve Bernier.
11:10 of 2nd period - Goal by Steve Bernier - Lightning : 2 - Panthers : 2.
11:11 of 2nd period - Robert Nilsson wins face-off versus Daniel Sedin in neutral zone.
11:22 of 2nd period - Wrist shot by Erik Christensen.
11:22 of 2nd period - Stopped by Jaroslav Halak without a rebound.
11:23 of 2nd period - Erik Christensen wins face-off versus Henrik Zetterberg in Lightning zone.
11:58 of 2nd period - Snap shot by Sheldon Keefe.
11:58 of 2nd period - Stopped by Petr Mrazek with a rebound.
12:08 of 2nd period - Wrist shot by Mikael Backlund.
12:08 of 2nd period - Shot Misses the Net.
12:10 of 2nd period - Snap shot by Mikael Backlund.
12:10 of 2nd period - Stopped by Petr Mrazek without a rebound.
12:11 of 2nd period - Mikael Backlund wins face-off versus Cédric Lalonde-McNicoll in Panthers zone.
12:12 of 2nd period - Wrist shot by Pierre-Luc Létourneau.
12:12 of 2nd period - Deflect By Reilly Smith.
12:12 of 2nd period - Shot Blocked by Jonathan Sigalet.
12:12 of 2nd period - Puck is out of play.
12:13 of 2nd period - Robert Nilsson wins face-off versus Cédric Lalonde-McNicoll in Panthers zone.
12:28 of 2nd period - Snap shot by Henrik Zetterberg.
12:28 of 2nd period - Deflect By Kris Versteeg.
12:28 of 2nd period - Shot Misses the Net.
12:28 of 2nd period - Puck is out of play.
12:29 of 2nd period - Jordan Nolan wins face-off versus Jean-Gabriel Pageau in Panthers zone.
12:36 of 2nd period - Wrist shot by Daniel Carcillo.
12:36 of 2nd period - Deflect By Steve Bernier.
12:36 of 2nd period - Shot Misses the Net.
12:36 of 2nd period - Puck is out of play.
12:37 of 2nd period - Jean-Gabriel Pageau wins face-off versus Jordan Nolan in Panthers zone.
12:46 of 2nd period - Wrist shot by Daniel Carcillo.
12:46 of 2nd period - Stopped by Petr Mrazek without a rebound.
12:47 of 2nd period - Jean-Gabriel Pageau wins face-off versus Robert Nilsson in Panthers zone.
13:35 of 2nd period - Jeff Schultz is hit by Steve Quailer and loses puck.
14:55 of 2nd period - Backhand shot by Justin Schultz.
14:55 of 2nd period - Shot Blocked by Matt Irwin.
15:25 of 2nd period - Snap shot by Cédric Lalonde-McNicoll.
15:25 of 2nd period - Stopped by Jaroslav Halak with a rebound.
15:45 of 2nd period - Snap shot by Kyle Clifford.
15:45 of 2nd period - Shot Misses the Net.
15:55 of 2nd period - Slapshot by Daniel Carcillo.
15:55 of 2nd period - Shot Misses the Net.
15:57 of 2nd period - Snap shot by Steve Bernier.
15:57 of 2nd period - Shot Blocked by Patrick Eaves.
15:59 of 2nd period - Slapshot by Jordan Nolan.
15:59 of 2nd period - Stopped by Petr Mrazek without a rebound.
16:00 of 2nd period - Erik Christensen wins face-off versus Jordan Nolan in Panthers zone.
16:14 of 2nd period - Off-side.
16:15 of 2nd period - Jean-Gabriel Pageau wins face-off versus Robert Nilsson in neutral zone.
16:22 of 2nd period - Slapshot by Drew Stafford.
16:22 of 2nd period - Stopped by Jaroslav Halak without a rebound.
16:23 of 2nd period - Jean-Gabriel Pageau wins face-off versus Kris Versteeg in Lightning zone.
16:29 of 2nd period - Minor Penalty to Henrik Zetterberg for Roughing.
16:30 of 2nd period - Jean-Gabriel Pageau wins face-off versus Robert Nilsson in Lightning zone.
16:36 of 2nd period - Snap shot by Kyle Clifford.
16:36 of 2nd period - Goal by Kyle Clifford - Lightning : 2 - Panthers : 3.
16:37 of 2nd period - Jean-Gabriel Pageau wins face-off versus Robert Nilsson in neutral zone.
16:46 of 2nd period - Wrist shot by Drew Stafford.
16:46 of 2nd period - Shot Blocked by Kris Versteeg.
17:26 of 2nd period - Matt Irwin is hit by Matt Tennyson and loses puck.
18:01 of 2nd period - William Colbert is hit by Henrik Zetterberg and loses puck.
18:08 of 2nd period - Mike Weber is hit by Justin Schultz and loses puck.
18:35 of 2nd period - Slapshot by Kyle Clifford.
18:35 of 2nd period - Stopped by Jaroslav Halak without a rebound.
18:36 of 2nd period - Robert Nilsson wins face-off versus Erik Christensen in Lightning zone.
18:36 of 2nd period - Robert Nilsson is hit by Daniel Sedin.
18:59 of 2nd period - Minor Penalty to Daniel Sedin for Interference.
19:00 of 2nd period - Erik Christensen wins face-off versus Robert Nilsson in Panthers zone.
19:15 of 2nd period - Snap shot by Kris Versteeg.
19:15 of 2nd period - Stopped by Petr Mrazek with a rebound.
19:17 of 2nd period - Snap shot by Henrik Zetterberg.
19:17 of 2nd period - Shot Misses the Net.
19:33 of 2nd period - Wrist shot by Jeff Schultz.
19:33 of 2nd period - Goal by Jeff Schultz - Lightning : 3 - Panthers : 3.
19:34 of 2nd period - Jean-Gabriel Pageau wins face-off versus Robert Nilsson in neutral zone.
19:59 of 2nd period - Erik Gudbranson is hit by Daniel Carcillo and loses puck.
Goals for this period are 2 for Lightning vs 1 for Panthers.
Shots for this period are 11 for Lightning vs 13 for Panthers.
3rd period
0:01 of 3rd period - Steve Bernier wins face-off versus Jean-Gabriel Pageau in neutral zone.
0:20 of 3rd period - Daniel Carcillo is hit by Drew Stafford and loses puck.
0:34 of 3rd period - Minor Penalty to Steve Quailer for Hooking.
0:35 of 3rd period - Erik Christensen wins face-off versus Robert Nilsson in Panthers zone.
0:50 of 3rd period - Wrist shot by Drew Stafford.
0:50 of 3rd period - Stopped by Jaroslav Halak without a rebound.
0:51 of 3rd period - Erik Christensen wins face-off versus Robert Nilsson in Lightning zone.
1:14 of 3rd period - Slapshot by Andy Rogers.
1:14 of 3rd period - Stopped by Petr Mrazek with a rebound.
2:01 of 3rd period - Andy Rogers is hit by Jonathan Sigalet and loses puck.
2:31 of 3rd period - Drew Stafford is hit by Justin Schultz.
2:34 of 3rd period - Penalty to Steve Quailer is over, Steve Quailer is back on ice.
3:21 of 3rd period - Wrist shot by Steve Bernier.
3:21 of 3rd period - Shot Blocked by Radko Gudas.
3:31 of 3rd period - Kurt Sauer is hit by Kyle Clifford.
3:35 of 3rd period - Jean-Gabriel Pageau is hit by Pierre-Luc Létourneau and loses puck.
4:16 of 3rd period - Snap shot by Daniel Carcillo.
4:16 of 3rd period - Shot Misses the Net.
4:18 of 3rd period - Slapshot by Jordan Nolan.
4:18 of 3rd period - Stopped by Petr Mrazek with a rebound.
4:32 of 3rd period - Steve Quailer is hit by Henrik Zetterberg and loses puck.
5:42 of 3rd period - Mike Weber is hit by Gabriel Landeskog and loses puck.
6:01 of 3rd period - Daniel Carcillo is hit by Peter Worrell and loses puck.
6:08 of 3rd period - Guillaume Desbiens is hit by Jordan Nolan and loses puck.
6:40 of 3rd period - Wrist shot by Sheldon Keefe.
6:40 of 3rd period - Shot Misses the Net.
6:48 of 3rd period - Slapshot by Peter Worrell.
6:48 of 3rd period - Deflect By Guillaume Desbiens.
6:48 of 3rd period - Stopped by Jaroslav Halak without a rebound.
6:49 of 3rd period - Robert Nilsson wins face-off versus Drew Stafford in Lightning zone.
7:43 of 3rd period - Slapshot by Sheldon Keefe.
7:43 of 3rd period - Shot Misses the Net.
8:39 of 3rd period - Slapshot by Justin Schultz.
8:39 of 3rd period - Shot Blocked by Matt Irwin.
8:51 of 3rd period - Minor Penalty to Matt Irwin for Hooking.
8:52 of 3rd period - Erik Christensen wins face-off versus Robert Nilsson in Panthers zone.
8:52 of 3rd period - Erik Christensen is hit by Robert Nilsson.
9:22 of 3rd period - Off-side.
9:23 of 3rd period - Jordan Nolan wins face-off versus Jean-Gabriel Pageau in neutral zone.
10:12 of 3rd period - Wrist shot by Kyle Clifford.
10:12 of 3rd period - Goal by Kyle Clifford - Lightning : 3 - Panthers : 4.
10:13 of 3rd period - Robert Nilsson wins face-off versus Erik Christensen in neutral zone.
10:28 of 3rd period - Radko Gudas is hit by Andy Rogers and loses puck.
10:51 of 3rd period - Penalty to Matt Irwin is over, Matt Irwin is back on ice.
11:19 of 3rd period - Jonathan Matsumoto is hit by Kris Versteeg and loses puck.
11:37 of 3rd period - Snap shot by Alex Galchenyuk.
11:37 of 3rd period - Stopped by Jaroslav Halak without a rebound.
11:38 of 3rd period - Jean-Gabriel Pageau wins face-off versus Jordan Nolan in Lightning zone.
11:45 of 3rd period - Wrist shot by Drew Stafford.
11:45 of 3rd period - Stopped by Jaroslav Halak with a rebound.
11:47 of 3rd period - Snap shot by Jean-Gabriel Pageau.
11:47 of 3rd period - Shot Blocked by Andy Rogers.
11:49 of 3rd period - Slapshot by Drew Stafford.
11:49 of 3rd period - Shot Misses the Net.
11:51 of 3rd period - Snap shot by Jean-Gabriel Pageau.
11:51 of 3rd period - Goal by Jean-Gabriel Pageau - Lightning : 3 - Panthers : 5.
11:52 of 3rd period - Henrik Zetterberg wins face-off versus Jean-Gabriel Pageau in neutral zone.
12:05 of 3rd period - Wrist shot by Henrik Zetterberg.
12:05 of 3rd period - Shot Misses the Net.
12:07 of 3rd period - Slapshot by Jeff Schultz.
12:07 of 3rd period - Stopped by Petr Mrazek with a rebound.
12:09 of 3rd period - Slapshot by Henrik Zetterberg.
12:09 of 3rd period - Stopped by Petr Mrazek with a rebound.
12:32 of 3rd period - Wrist shot by Gabriel Landeskog.
12:32 of 3rd period - Stopped by Petr Mrazek without a rebound.
12:33 of 3rd period - Erik Christensen wins face-off versus Robert Nilsson in Panthers zone.
12:38 of 3rd period - Snap shot by Erik Christensen.
12:38 of 3rd period - Stopped by Jaroslav Halak with a rebound.
12:40 of 3rd period - Snap shot by Erik Christensen.
12:40 of 3rd period - Stopped by Jaroslav Halak without a rebound.
12:41 of 3rd period - Erik Christensen wins face-off versus Robert Nilsson in Lightning zone.
13:05 of 3rd period - Icing by Kris Versteeg.
13:06 of 3rd period - Patrick Eaves wins face-off versus Jordan Nolan in Lightning zone.
13:09 of 3rd period - Snap shot by Alex Galchenyuk.
13:09 of 3rd period - Deflect By Jonathan Matsumoto.
13:09 of 3rd period - Stopped by Jaroslav Halak without a rebound.
13:10 of 3rd period - Jonathan Matsumoto wins face-off versus Jordan Nolan in Lightning zone.
13:11 of 3rd period - Wrist shot by Alex Galchenyuk.
13:11 of 3rd period - Shot Misses the Net.
13:41 of 3rd period - Erik Gudbranson is hit by Daniel Carcillo.
13:42 of 3rd period - Icing by Erik Gudbranson.
13:43 of 3rd period - Robert Nilsson wins face-off versus Jonathan Matsumoto in Panthers zone.
13:44 of 3rd period - Wrist shot by Kris Versteeg.
13:44 of 3rd period - Shot Misses the Net.
14:06 of 3rd period - Minor Penalty to Jonathan Matsumoto for Boarding.
14:07 of 3rd period - Robert Nilsson wins face-off versus Erik Christensen in Panthers zone.
14:10 of 3rd period - Backhand shot by Henrik Zetterberg.
14:10 of 3rd period - Shot Misses the Net.
14:12 of 3rd period - Slapshot by Andy Rogers.
14:12 of 3rd period - Shot Misses the Net.
14:14 of 3rd period - Wrist shot by Kris Versteeg.
14:14 of 3rd period - Shot Blocked by Radko Gudas.
14:16 of 3rd period - Slapshot by Jeff Schultz.
14:16 of 3rd period - Shot Blocked by Drew Stafford.
14:18 of 3rd period - Slapshot by Jeff Schultz.
14:18 of 3rd period - Shot Blocked by Erik Gudbranson.
14:20 of 3rd period - Wrist shot by Andy Rogers.
14:20 of 3rd period - Shot Misses the Net.
14:22 of 3rd period - Wrist shot by Robert Nilsson.
14:22 of 3rd period - Stopped by Petr Mrazek with a rebound.
14:24 of 3rd period - Snap shot by Henrik Zetterberg.
14:24 of 3rd period - Shot Misses the Net.
14:34 of 3rd period - Daniel Carcillo is hit by Erik Gudbranson and loses puck.
15:11 of 3rd period - Wrist shot by Drew Stafford.
15:11 of 3rd period - Stopped by Jaroslav Halak with a rebound.
16:06 of 3rd period - Penalty to Jonathan Matsumoto is over, Jonathan Matsumoto is back on ice.
17:31 of 3rd period - Snap shot by William Colbert.
17:31 of 3rd period - Stopped by Jaroslav Halak without a rebound.
17:32 of 3rd period - Jordan Nolan wins face-off versus Cédric Lalonde-McNicoll in Lightning zone.
18:19 of 3rd period - Slapshot by Jonathan Matsumoto.
18:19 of 3rd period - Stopped by Jaroslav Halak with a rebound.
18:43 of 3rd period - Andy Rogers is hit by Drew Stafford.
18:59 of 3rd period - Daniel Sedin is hit by Henrik Zetterberg and loses puck.
19:34 of 3rd period - Kurt Sauer is hit by Patrick Eaves and loses puck.
Goals for this period are 0 for Lightning vs 2 for Panthers.
Shots for this period are 6 for Lightning vs 12 for Panthers.
Back to the Top